 Dungeon Crawl Stone Soup version 0.30-a0-305-g026cb31310 (webtiles) character file.

Game seed: 17563365926941968830

239 Lanoc the Chiller (level 5, -2/35 HPs)
             Began as a Demonspawn Ice Elementalist on Oct 24, 2022.
             Killed from afar by an orc wizard (6 damage)
             ... with a puff of flame
             ... on level 5 of the Dungeon.
             The game lasted 00:05:08 (2077 turns).

Lanoc the Chiller (Demonspawn Ice Elementalist)     Turns: 2077, Time: 00:05:08

Health: -2/35      AC:  6    Str:  8    XL:     5   Next: 79%
Magic:  4/8        EV: 13    Int: 18    God:
Gold:   31         SH:  0    Dex: 14    Spells: 2/8 levels left

rFire   . . .      SeeInvis .    o - +0 lajatang
rCold   . . .      Faith    .    (shield currently unavailable)
rNeg    + . .      Spirit   .    a - +0 robe
rPois   +          Reflect  .    (no helmet)
rElec   .          Harm     .    (no cloak)
rCorr   .          Rampage  .    n - +0 pair of gloves
Will    .....                    l - +0 pair of boots
Stlth   ++........               (no amulet)
HPRegen 0.25/turn                h - ring of poison resistance
MPRegen 0.22/turn                p - ring of positive energy

@: no status effects
A: thin metallic scales 1, foul stench 1, magic regeneration, weakness stinger 1
a: no special abilities


You were on level 5 of the Dungeon.
You visited 1 branch of the dungeon, and saw 4 of its levels.

You collected 31 gold pieces.

Inventory:

Hand Weapons
 o - a +0 lajatang (weapon)
Armour
 a - a +0 robe (worn)
 l - a +0 pair of boots (worn)
 n - a +0 pair of gloves (worn)
Jewellery
 h - a ring of poison resistance (left hand)
 p - a ring of positive energy (right hand)
Scrolls
 c - a scroll of fear {unknown}
 g - 2 scrolls of identify {unknown}
 i - a scroll of enchant weapon {unknown}
 j - 3 scrolls of enchant armour {unknown}
 k - 3 scrolls of blinking {unknown}
 m - 2 scrolls of teleportation {unknown}
Potions
 b - a potion of magic
 d - 2 potions of haste {unknown}
 e - 2 potions of curing {unknown}
 f - 2 potions of invisibility
 q - a potion of degeneration {unknown}


   Skills:
 + Level 3.4 Dodging
 - Level 1.7 Stealth
 - Level 2.0 Spellcasting
 * Level 5.7 Ice Magic


You had 2 spell levels left.
You knew the following spells:

 Your Spells              Type           Power      Damage    Failure   Level
a - Freeze                Ice            88%        1d9       1%          1
b - Frozen Ramparts       Ice            44%        1d7       5%          3
c - Ensorcelled Hibernat  Hex/Ice        24%        N/A       9%          2

Your spell library contained the following spells:

 Spells                   Type           Power      Damage    Failure   Level
 Ozocubu's Armour         Ice            22%        N/A       5%          3
 Spider Form              Tmut/Pois      1%         N/A       47%         3
 Summon Ice Beast         Ice/Summ       12%        N/A       50%         4
 Anguish                  Hex/Necr       0%         N/A       87%         4


Dungeon Overview and Level Annotations

Branches:
Dungeon (3/15)

Altars:
Nemelex Xobeh


Innate Abilities, Weirdness & Mutations

You are partially covered in thin metallic scales. (AC +2)
You may rarely emit foul miasma when damaged in melee.
You regenerate magic rapidly.
You have a small tail.


Message History

Casting: Frozen Ramparts (dangerous; 5% risk of failure)
Confirm with . or Enter, or press ? or * to list all spells.
Casting: Frozen Ramparts (dangerous; 5% risk of failure)
Press: ? - help, Dir - look around, f - activate The walls around you are covered in ice.
Casting: Frozen Ramparts (dangerous; 5% risk of failure)
Confirm with . or Enter, or press ? or * to list all spells.
Aiming: Freeze (safe; 1% risk of failure)
Press: ? - help, Shift-Dir - straight line, f - orc
Aim: an orc, wielding a +0 hand axe and wearing a +0 leather armour (severely wounded)
You freeze the orc!
You kill the orc!
The wall freezes something.
Something hits you.
The frozen ramparts melt away as you move.
You closely miss something.
Your tail-slap misses something.
Something hits you but does no damage. x2
You completely miss something.
You hear some strange, mumbled words.
A magic dart appears from out of thin air!
The magic dart hits you!
You closely miss something.
You hear some strange, mumbled words.
A magic dart appears from out of thin air!
The magic dart hits you!
You barely miss something.
Your tail-slap misses something.
Something hits you. Something hits you but does no damage.
You barely miss something.
You hear some strange, mumbled words.
A puff of flame appears from out of thin air!
The puff of flame hits you!
* * * LOW HITPOINT WARNING * * *
Casting: Freeze (safe; 1% risk of failure)
Confirm with . or Enter, or press ? or * to list all spells.
Aiming: Freeze (safe; 1% risk of failure)
Press: ? - help, Shift-Dir - straight line You freeze something!
You hear some strange, mumbled words.
A puff of flame appears from out of thin air!
The puff of flame hits you.
You die...

#....# #............. ..
#....######............
...............###........##
......#....................##
......#.##.....##............
.........##....)..............
.........................#....
.............)..........#.....
...........#{@..>...#...##.##.
.........?#))....#.[#...#.....
......#S....................#.
o.##............#..##.....##
#................######.#####
...###.....#...#... .. .
#............... #.
......###..##.... ...##..#
..#......


There were no monsters in sight!

Vanquished Creatures
  A centaur (D:5)
  An orc priest (D:5)
  Jessica (D:2)
  An iguana (D:5)
  2 adders
  A dart slug (D:2)
  3 orcs (D:5)
  8 ball pythons
  A bat (D:1)
  3 endoplasms
  2 giant cockroaches
  5 goblins
  5 hobgoblins (D:1)
  3 jackals (D:2)
  4 kobolds
  2 quokkas
  7 frilled lizards
  6 rats
56 creatures vanquished.

Notes
Turn   | Place    | Note
-------+----------+-------------------------------------------
     0 | D:1      | Lanoc the Demonspawn Ice Elementalist began the quest for
                  | the Orb.
     0 | D:1      | Reached XP level 1. HP: 13/13 MP: 3/3
   255 | D:1      | Gained mutation: You have a small tail. [demonic ancestry]
   255 | D:1      | Reached XP level 2. HP: 19/19 MP: 3/5
   348 | D:1      | Reached skill level 4 in Ice Magic
   604 | D:1      | Gained mutation: You regenerate magic rapidly. [demonic
                  | ancestry]
   604 | D:1      | Reached XP level 3. HP: 21/24 MP: 0/6
   608 | D:1      | Learned a level 3 spell: Frozen Ramparts
   668 | D:1      | Learned a level 2 spell: Ensorcelled Hibernation
   871 | D:1      | Found a faded altar of an unknown god.
  1075 | D:2      | Noticed Jessica
  1098 | D:2      | Killed Jessica
  1259 | D:2      | Gained mutation: You are partially covered in thin metallic
                  | scales. (AC +2) [demonic ancestry]
  1259 | D:2      | Reached XP level 4. HP: 30/30 MP: 4/7
  1926 | D:3      | You fall into a shaft and drop 2 floors!
  1926 | D:5      | Entered Level 5 of the Dungeon
  1940 | D:5      | Reached skill level 5 in Ice Magic
  1985 | D:5      | Noticed a centaur
  1994 | D:5      | Killed a centaur
  1995 | D:5      | Gained mutation: You may rarely emit foul miasma when
                  | damaged in melee. [demonic ancestry]
  1995 | D:5      | Reached XP level 5. HP: 25/35 MP: 3/8
  2040 | D:5      | Found a sparkling altar of Nemelex Xobeh.
  2077 | D:5      | Killed from afar by an orc wizard

Illustrated notes

Levels and vault maps discovered:
D:1:      onia_arrival_mini_maze, layout_basic,
          hellmonk_ecumenical_altar_leap_of_faith
D:2:      layout_basic, uniq_jessica
D:3:      layout_basic
D:5:      layout_cave_pools, grunt_temple_overflow_open, serial_rivers,
          chequers_serial_rivers_micro_e, chequers_serial_rivers_small_3,
          chequers_serial_rivers_small_3, chequers_serial_rivers_marsh,
          chequers_serial_rivers_large_b, uniq_prince_ribbit1, uniq_menkaure

Skill      XL: |  1  2  3  4 |
---------------+-------------+-----
Dodging        | 2 3 |  3.4
Ice Magic      | 4 5 |  5.7
Stealth        | |  1.7
Spellcasting   | |  2.0

Action                   |  1- 3 |  4- 6 || total
-------------------------+-------+-------++-------
Melee: Unarmed           |    51 |     3 ||    54
       Tailslap          |     4 |     1 ||     5
       Punch             |     1 |       ||     1
       Lajatang          |       |     9 ||     9
 Cast: Freeze            |    41 |    21 ||    62
       Frozen Ramparts   |     1 |     4 ||     5
  Use: Potion            |     1 |       ||     1
 Stab: Invisible         |     2 |       ||     2
Armor: Robe              |    15 |     9 ||    24
Dodge: Dodged            |    58 |    18 ||    76

Table legend: (Time is in decaauts)
 A = Elapsed time spent in this place.
 B = Non-inter-level travel time spent in this place.
 C = Inter-level travel time spent in this place.
 D = Time resting spent in this place.
 E = Time spent auto-exploring this place.
 F = Levels seen in this place.
 G = Mean time per level.
                   A        B        C        D        E       F      G
               +--------+--------+--------+--------+--------+-----+--------+
         Total |   2078 |   2051 |     27 |      5 |   1630 |   4 |  519.5 |
       Dungeon |   2078 |   2051 |     27 |      5 |   1630 |   4 |  519.5 |
               +--------+--------+--------+--------+--------+-----+--------+

Top non-repeatable levels by time:
     D:2: 935 daAuts
     D:1: 922 daAuts
     D:5: 153 daAuts
     D:3: 67 daAuts
